Map: Traitor's Exile

Players

MonstroTown - Winner!

  • Race: Terran Terran
  • Spawn Location: 12:00

Michael - Winner!

  • Race: Zerg Zerg
  • Spawn Location: 9:00

CattleBoss

  • Race: Zerg Zerg
  • League: Gold
  • Spawn Location: 5:00

IronScorpio

  • Race: Terran Terran
  • Spawn Location: 6:00

VOD

Have the link to the VOD?

Description

Time

  • Played on: Sept. 1, 2018, 4:53 p.m.
  • Length: 13:14
Show
View Real Time Build Order
Export as new Build Order

MonstroTown Terran - Winner!

Build Orders: 1/1/1, Cyclone Opening 

Get SALT Encoding   

  12  0:01  SCV  
  13  0:13  SCV  
  14  0:18  Supply Depot  
  14  0:25  SCV  
  15  0:30  Refinery  
  15  0:40  SCV  
  16  0:48  Barracks  
  16  0:52  SCV  
  17  0:59  Refinery  
  17  1:04  SCV  
  18  1:16  SCV  
  19  1:28  SCV  
  20  1:35  Reaper  
  21  1:42  Orbital Command  
  21  1:43  Factory  
  21  2:08  SCV  
  22  2:10  Barracks Reactor  
  22  2:21  SCV, Supply Depot  
  23  2:29  Starport  
  22  2:33  SCV  
  23  2:45  SCV  
  24  2:56  Cyclone x2  
  24  2:58  Marine  
  30  2:59  Liberator  
  30  3:03  SCV  
  31  3:07  Supply Depot  
  31  3:18  Marine  
  35  3:23  SCV  
  36  3:29  Hellion  
  36  3:33  Cyclone  
  41  3:35  SCV  
  42  3:41  Marine  
  43  3:50  Cyclone  
  46  4:00  Barracks Tech Lab  
  46  4:14  Supply Depot  
  46  4:30  Command Center  
  46  4:35  Medivac  
  48  4:45  Cyclone  
  48  4:47  Marauder  
  48  4:52  Supply Depot  
  51  5:07  Cyclone  
  51  5:21  Medivac  
  51  5:23  Marauder  
  49  5:41  Stimpack  
  48  5:46  Engineering Bay  
  48  5:49  Barracks  
  48  5:51  Barracks  
  47  6:16  Widow Mine  
  47  6:17  Marauder  
  48  6:28  Terran Infantry Weapons Level 1  
  48  6:32  Missile Turret  
  48  6:33  Barracks  
  48  6:39  Marauder  
  44  6:49  Barracks Reactor  
  44  6:50  Barracks Tech Lab  
  44  6:52  Medivac  
  43  6:59  Marine  
  44  7:03  SCV  
  44  7:05  Orbital Command  
  45  7:11  Cyclone  
  45  7:15  SCV  
  49  7:17  Refinery  
  49  7:20  Marauder  
  49  7:21  Marauder  
  51  7:31  Marine  
  51  7:32  Marine  
  51  7:33  Medivac  
  55  7:43  Marauder  
  55  7:44  Widow Mine, Marauder  
  56  7:45  Widow Mine  
  60  7:54  Marine  
  60  7:55  Marine  
  60  7:58  SCV x2  
  60  8:02  Supply Depot  
  60  8:03  Supply Depot  
  60  8:04  Marine  
  61  8:10  SCV x2, Marauder  
  65  8:23  Marine x3  
  65  8:25  Medivac  
  70  8:30  Terran Infantry Armor Level 1  
  70  8:31  Marauder  
  70  8:32  SCV  
  73  8:54  Marine x3  
  73  8:55  Marauder  
  78  9:11  Starport  
  78  9:12  Barracks Reactor, Starport Reactor  
  78  9:13  Marauder  
  80  9:19  Engineering Bay  
  80  9:20  SCV x2  
  82  9:25  Supply Depot  
  82  9:32  SCV x2  
  84  9:42  Marine x2  
  84  9:43  Marauder  
  84  9:44  SCV  
  89  9:48  Starport Reactor  
  89  9:49  Marine  
  89  9:50  Marine  
  91  9:53  Viking x2  
  91  9:59  Armory  
  95  10:02  SCV x2  
  97  10:14  SCV  
  98  10:15  Supply Depot  
  101  10:38  Viking x3  
  101  10:41  SCV x2  
  106  10:44  Refinery  
  106  10:54  Marine x4  
  106  10:57  Command Center  
  110  11:18  Supply Depot  
  110  11:39  Viking x3  
  116  11:47  Marine x2  
  116  11:53  Marine x4  
  122  11:55  Supply Depot  
  122  11:56  Supply Depot  
  122  12:18  Command Center  
  122  12:26  Marine x2  
  122  12:27  Marine  
  122  12:28  Viking x3  
  131  12:34  Orbital Command  
  131  12:52  SCV  
  131  12:53  SCV  
Show
View Real Time Build Order
Export as new Build Order

Michael Zerg - Winner!

Build Orders: Hatch First 

Get SALT Encoding   

  12  0:01  Drone  
  13  0:13  Overlord  
  13  0:18  Drone  
  14  0:31  Drone x2  
  14  0:35  Drone  
  17  0:45  Drone  
  18  0:59  Hatchery  
  18  1:00  Drone  
  18  1:09  Extractor  
  17  1:17  Spawning Pool  
  16  1:19  Drone  
  16  1:22  Drone  
  18  1:37  Drone  
  18  1:39  Drone  
  20  1:50  Overlord  
  20  2:04  Queen  
  22  2:11  Queen  
  22  2:12  Zergling x4  
  22  2:13  Zergling x2  
  27  2:21  Drone  
  28  2:29  Roach Warren, Drone  
  28  2:32  Drone  
  28  2:36  Drone  
  30  2:41  Extractor  
  29  2:49  Queen  
  29  2:51  Drone  
  31  3:01  Zergling x6  
  34  3:11  Drone  
  35  3:15  Drone  
  36  3:20  Overlord  
  36  3:22  Overlord  
  36  3:30  Lair  
  36  3:37  Drone, Evolution Chamber  
  36  3:40  Drone  
  37  4:02  Zerg Ground Armor Level 1  
  37  4:05  Roach x3  
  37  4:07  Roach  
  45  4:11  Roach  
  45  4:15  Roach  
  49  4:19  Roach  
  51  4:34  Metabolic Boost  
  51  4:37  Glial Reconstitution  
  51  4:42  Drone, Spore Crawler, Hydralisk Den  
  50  4:45  Drone  
  51  5:01  Overlord x2  
  51  5:03  Overlord  
  47  5:25  Roach  
  47  5:26  Roach x4  
  47  5:27  Roach  
  48  5:54  Roach  
  48  5:55  Roach x6  
  60  6:00  Drone x2  
  62  6:05  Spore Crawler  
  62  6:07  Drone  
  62  6:09  Drone  
  63  6:12  Drone  
  64  6:38  Roach  
  64  6:39  Roach  
  68  6:41  Overlord x4  
  68  6:59  Hatchery  
  61  7:11  Roach x5  
  71  7:56  Roach x4  
  71  7:57  Roach x9  
  97  8:11  Queen  
  99  8:13  Drone x3  
  99  8:15  Drone  
  99  8:17  Drone x2  
  99  8:19  Drone  
  106  8:22  Drone  
  106  8:24  Drone  
  106  8:29  Overlord  
  106  8:34  Overlord  
  106  8:49  Drone  
  106  8:50  Drone x7  
  114  9:06  Hatchery  
  113  9:12  Spire  
  113  9:15  Infestation Pit  
  111  9:18  Spore Crawler  
  111  9:22  Spore Crawler x2  
  108  10:11  Muscular Augments  
  108  10:12  Zerg Ground Armor Level 2  
  108  10:16  Hive  
  108  10:22  Evolution Chamber  
  108  10:27  Extractor  
  108  10:28  Extractor, Spore Crawler  
  105  10:29  Drone  
  105  10:30  Drone x4, Spore Crawler x2  
  105  10:31  Drone x3  
  105  10:32  Drone x2  
  105  10:33  Drone  
  105  10:34  Overlord x7  
  113  10:40  Queen  
  115  10:43  Drone  
  115  10:44  Drone  
  117  10:58  Hydralisk x4  
  117  10:59  Hydralisk  
  127  11:10  Zerg Missile Weapons Level 1  
  127  11:22  Grooved Spines  
  127  11:30  Greater Spire, Corruptor  
  127  11:31  Corruptor  
  131  11:38  Drone  
  131  11:39  Drone x5  
  137  11:43  Extractor  
  137  11:44  Extractor, Drone x2  
  137  11:45  Drone x2  
  137  11:46  Drone x2  
  141  11:49  Drone  
  141  11:50  Drone x7  
  141  11:51  Drone  
  141  11:52  Drone  
  151  11:55  Extractor, Drone  
  151  11:56  Extractor  
  151  11:57  Drone  
  151  11:58  Drone  
  151  11:59  Drone  
  153  12:02  Drone  
  153  12:03  Drone  
  153  12:04  Drone  
  156  12:35  Corruptor  
  156  12:36  Corruptor x5  
  168  12:37  Corruptor  
  170  12:48  Overseer x4  
  170  12:49  Overseer  
  182  13:13  Hatchery  
Show
View Real Time Build Order
Export as new Build Order

CattleBoss Zerg 

Build Orders: Hatch First 

Get SALT Encoding   

  12  0:03  Drone  
  13  0:13  Overlord  
  13  0:18  Drone  
  14  0:32  Drone x2  
  16  0:38  Drone  
  17  0:48  Drone  
  18  0:58  Drone  
  19  1:13  Hatchery  
  19  1:15  Spawning Pool  
  17  1:22  Extractor, Drone  
  17  1:23  Drone  
  18  1:30  Drone  
  19  1:47  Overlord  
  19  2:05  Zergling x4  
  19  2:07  Queen  
  24  2:22  Zergling x2  
  24  2:24  Metabolic Boost  
  24  2:34  Zergling x2  
  24  2:36  Queen  
  27  2:37  Drone x2  
  29  2:48  Drone  
  30  2:52  Drone  
  30  2:53  Drone  
  32  3:04  Drone  
  33  3:13  Drone x2, Evolution Chamber  
  33  3:14  Extractor  
  33  3:19  Queen  
  35  3:20  Roach Warren  
  35  3:21  Overlord  
  35  3:25  Overlord  
  34  3:33  Drone  
  35  3:40  Zerg Ground Armor Level 1  
  35  3:43  Drone x2  
  37  3:53  Zergling x6  
  40  3:57  Drone  
  41  4:10  Lair  
  41  4:16  Roach x3  
  47  4:58  Drone x2  
  47  4:59  Drone x3  
  52  5:04  Extractor  
  44  5:13  Roach  
  44  5:14  Roach x3  
  43  5:26  Roach x3  
  42  5:30  Roach  
  42  5:32  Overlord x2  
  44  5:54  Roach x2  
  40  5:59  Roach  
  40  6:03  Zerg Missile Weapons Level 1  
  36  6:24  Queen  
  38  6:25  Roach  
  38  6:26  Roach  
  40  6:39  Roach x2  
  34  7:04  Roach x2  
  40  7:15  Roach  
  40  7:16  Roach x3  
  46  7:25  Roach  
  42  7:50  Roach  
  42  7:51  Roach x3  
  42  7:55  Extractor  
  42  7:56  Hatchery  
  34  8:05  Roach  
  34  8:14  Roach x2  
  34  8:15  Roach  
  3  9:30  Drone x2  
  3  9:31  Drone  
  6  10:59  Extractor  
Show
View Real Time Build Order
Export as new Build Order

IronScorpio Terran 

Build Orders:  

Get SALT Encoding   

  12  0:06  SCV  
  13  0:32  Supply Depot  
  13  0:48  SCV  
  14  0:55  Supply Depot, Refinery  
  14  1:00  SCV  
  14  1:01  Engineering Bay  
  15  1:12  Barracks  
  15  1:30  Barracks  
  15  1:36  SCV  
  16  1:48  SCV  
  17  2:27  Marine  
  18  2:30  Marine  
  19  2:40  Factory  
  19  2:45  Marine  
  19  2:48  Marine  
  21  3:03  Marine  
  22  3:05  Marine  
  23  3:21  Marine  
  23  3:23  Marine  
  25  3:28  Starport  
  25  3:39  Marine  
  25  3:40  Cyclone, Barracks  
  29  3:41  Marine  
  29  3:47  SCV  
  31  4:01  Refinery  
  31  4:07  Supply Depot  
  31  4:12  Supply Depot  
  31  4:19  Supply Depot  
  31  4:29  SCV, Marine  
  33  4:36  Factory Tech Lab  
  20  5:39  Marine  
  20  5:42  Siege Tank  
  23  5:47  Marine  
  24  5:52  Reaper  
  25  5:57  Marine  
  26  6:05  Marine  
  27  6:14  Siege Tank  
  27  6:15  Marine  
  24  6:26  Marine  
  19  6:33  Marine  
  19  6:34  Marine  
  14  6:44  Marine  
  14  6:46  Siege Tank  
  14  6:52  Marine  
  11  7:02  Marine  
  8  7:10  Marine  
  8  7:20  Marine  
Tags
 
Add a new tag
Caveats
  • Supply blocks, unpowered buildings, or Contaminate may cause inaccurate times.
  • Supply counts are checked every 10 seconds.